 Dungeon Crawl Stone Soup version 0.28-a0-500-g121bc3e445 (webtiles) character file.

Game seed: 14282418876202467853

2830 Cancer the Destroyer (level 9, -5/45 HPs)
             Began as a Tengu Conjurer on Sept 20, 2021.
             Was a Follower of Sif Muna.
             Slain by a wyvern (16 damage)
             ... on level 7 of the Dungeon.
             The game lasted 00:29:00 (10573 turns).

Cancer the Destroyer (Tengu Conjurer)              Turns: 10573, Time: 00:29:00

Health: -5/45      AC:  4    Str:  8    XL:     9   Next: 73%
Magic:  18/22      EV: 14    Int: 22    God:    Sif Muna [*.....]
Gold:   512        SH:  5    Dex: 12    Spells: 17/24 levels left

rFire   . . .      SeeInvis .   B - staff of conjuration
rCold   + . .      Faith    .   r - +0 buckler
rNeg    . . .      Spirit   .   a - +0 robe
rPois   +          Reflect  .   (helmet restricted)
rElec   .          Harm     .   l - +1 cloak {rPois}
rCorr   .          Rampage  .   (no gloves)
Will    .....                   (boots unavailable)
Stlth   ++........              (no amulet)
HPRegen 0.15/turn               y - ring of protection from cold
MPRegen 0.18/turn               (no ring)

@: flying quickly and evasively, quick
A: beak, talons 3, nimble flight
a: Renounce Religion, Channel Magic


You were on level 7 of the Dungeon.
You worshipped Sif Muna.
Sif Muna was aware of your devotion.
You visited 2 branches of the dungeon, and saw 9 of its levels.

You collected 512 gold pieces.

Inventory:

Missiles
 o - 38 poisoned darts
Armour
 a - a +0 robe (worn)
 l - a +1 cloak of poison resistance (worn)
 n - a +0 kite shield
 r - a +0 buckler (worn)
Magical Staves
 B - a staff of conjuration (weapon)
 D - a staff of poison
Jewellery
 c - an amulet of faith
 y - a ring of protection from cold (left hand)
Wands
 m - a wand of iceblast (12)
 s - a wand of mindburst (10)
 x - a wand of flame (17)
 C - a wand of paralysis (11)
Scrolls
 b - 5 scrolls of identify {unknown}
 h - 4 scrolls of noise {unknown}
 j - 4 scrolls of teleportation {unknown}
 k - 3 scrolls of fog {unknown}
 q - a scroll of immolation {unknown}
 z - a scroll of amnesia {unknown}
 A - a scroll of acquirement {unknown}
 E - a scroll of magic mapping {unknown}
Potions
 d - 3 potions of mutation {unknown}
 e - a potion of resistance {unknown}
 f - 7 potions of curing {unknown}
 g - 2 potions of berserk rage {unknown}
 i - 2 potions of heal wounds {unknown}
 p - a potion of magic {unknown}
 t - 2 potions of brilliance {unknown}
 u - a potion of haste {unknown}
 v - a potion of degeneration {unknown}
 w - 2 potions of flight {unknown}


   Skills:
 - Level 2.1 Dodging
 - Level 2.0 Stealth
 - Level 4.0 Shields
 + Level 8.3 Spellcasting
 + Level 12.3 Conjurations


You had 17 spell levels left.
You knew the following spells:

 Your Spells              Type           Power      Damage    Failure   Level
a - Magic Dart            Conj           100%       1d8       1%          1
b - Searing Ray           Conj           100%       2d8       1%          2
c - Fulminant Prism       Conj/Hex       26%        3d14      6%          4

Your spell library contained the following spells:

 Spells                   Type           Power      Damage    Failure   Level
 Dazzling Flash           Conj/Hex       100%       N/A       1%          3
 Iskenderun's Mystic Bla  Conj/Tloc      53%        2d11      6%          4
 Ensorcelled Hibernation  Hex/Ice        18%        N/A       11%         2
 Gell's Gravitas          Tloc           4%         N/A       22%         3
 Teleport Other           Tloc           9%         N/A       22%         3
 Tukima's Dance           Hex            9%         N/A       22%         3
 Summon Forest            Summ/Tloc      4%         N/A       90%         5
 Summon Mana Viper        Hex/Summ       9%         N/A       90%         5
 Dispersal                Tloc           4%         N/A       100%        6
 Summon Cactus Giant      Summ           4%         N/A       100%        6


Dungeon Overview and Level Annotations

Branches:
Dungeon (8/15)             Temple (1/1) D:6
   Lair: D:8-11

Altars:
Ashenzari
Cheibriados
Dithmenos
Elyvilon
Fedhas
Gozag
Hepliaklqana
Kikubaaqudgha
Makhleb
Nemelex Xobeh
Okawaru
Qazlal
Ru
Sif Muna
Trog
Uskayaw
Vehumet
Wu Jian
Xom
Yredelemnul
Zin
The Shining One


Innate Abilities, Weirdness & Mutations

You have a beak for a mouth.
You have claws for feet.
Your magical nature lets you fly swiftly and evasively.


Message History

The orc is moderately wounded.
The searing ray hits the orc!
You kill the orc!
Sif Muna accepts your kill.
The orc priest begins to cast a cantrip, but forgets the words!
The searing ray hits the orc!
You kill the orc!
Sif Muna accepts your kill.
The searing ray hits the wyvern!
The wyvern is moderately wounded.
You finish channelling your searing ray.
The orc warrior hits you with a +0 battleaxe!
The orc priest mumbles some strange prayers to Beogh against you.
Beogh smites you! The wyvern bites you.
The wyvern hisses menacingly.
The wyvern bites you!
* * * LOW HITPOINT WARNING * * *
The orc priest calls upon Beogh to heal the orc warrior.
The orc warrior's wounds heal themselves!
The wyvern closely misses you. The wyvern bites you.
* * * LOW HITPOINT WARNING * * *
You see here a killer bee corpse.
You block the wyvern's attack.
There is a stone staircase leading up here.
You block the wyvern's attack.
You fly upwards.
There is a stone staircase leading down, spattered with blood here.
You are too injured to fight recklessly!
Casting: Searing Ray (safe; 1% risk of failure)
Confirm with . or Enter, or press ? or * to list all spells.
Aiming: Searing Ray (safe; 1% risk of failure)
Press: ? - help, Shift-Dir - straight line, f - wyvern
Aim: a wyvern (moderately wounded, 83% to hit)
You feel a surge of power!
The searing ray hits the wyvern!
The wyvern is severely wounded. (Press . to maintain the ray.)
The wyvern bites you!
You die...

#................#.####.#.##.##..
##..............##..# #...##.....
##.....##.....####.# #.........#
###...######## #.###.......###
#....### #...........# #.#....#
###.........# ####.#.##.##
###..........#
.....#.##..#######...#........###
#......#........@...##...........
..............#l)................
....................###..........
....................#####.....###
...............##...##......###
...............##############
...............# ...............#
..............##


You could see a wyvern.

Vanquished Creatures
  A troll (D:6)
  Grinder (D:2)
  A steam dragon (D:8)
  2 water moccasins
  2 ice beasts
  A sky beast (D:6)
  A black bear (D:3)
  2 centaurs
  A phantom (D:5)
  A kobold brigand (D:6)
  Blork the orc (D:4)
  3 bullfrogs
  2 water moccasin zombies
  3 killer bees (D:8)
  2 hounds
  3 jellies
  Crazy Yiuf (D:2)
  3 orc priests
  2 gnoll shamans
  A bullfrog skeleton (D:5)
  A centaur skeleton (D:4)
  An iguana (D:4)
  Jessica (D:2)
  Terence (D:3)
  4 orc wizards
  3 howler monkey zombies
  Robin (D:3)
  11 gnolls
  5 adders
  2 white imps
  2 worms
  3 dart slugs
  31 orcs
  12 endoplasms
  2 giant cockroaches
  6 goblins
  12 hobgoblins
  6 jackals
  5 kobolds
  A quokka (D:3)
  5 ball pythons
  8 bats
  4 frilled lizards
  4 rats
165 creatures vanquished.

Notes
Turn   | Place    | Note
-------+----------+-------------------------------------------
     0 | D:1      | Cancer the Tengu Conjurer began the quest for the Orb.
     0 | D:1      | Reached XP level 1. HP: 10/10 MP: 4/4
   269 | D:1      | Reached XP level 2. HP: 15/15 MP: 3/6
   273 | D:1      | Learned a level 2 spell: Searing Ray
  1346 | D:1      | Found a faded altar of an unknown god.
  1531 | D:1      | Reached XP level 3. HP: 19/19 MP: 4/7
  1678 | D:2      | Reached skill level 6 in Conjurations
  2103 | D:2      | Noticed Jessica
  2342 | D:2      | Reached XP level 4. HP: 24/24 MP: 5/9
  2574 | D:2      | Killed Jessica
  2575 | D:2      | Gained mutation: Your magical nature lets you fly swiftly
                  | and evasively. [Tengu growth]
  2575 | D:2      | Reached XP level 5. HP: 28/28 MP: 8/11
  2683 | D:2      | Reached skill level 7 in Conjurations
  2920 | D:2      | Found a runed translucent door.
  2921 | D:2      | Noticed Crazy Yiuf
  3149 | D:2      | Killed Crazy Yiuf
  3285 | D:3      | Noticed a black bear
  3303 | D:3      | Noticed Terence
  3529 | D:3      | Killed Terence
  3742 | D:3      | Noticed Grinder
  3742 | D:3      | Noticed Robin
  3894 | D:3      | Killed Robin
  3895 | D:3      | Reached XP level 6. HP: 28/32 MP: 5/13
  4093 | D:3      | Paralysed by Grinder for 6 turns
  4108 | D:2      | Paralysed by Grinder for 6 turns
  4852 | D:3      | Killed a black bear
  4853 | D:3      | Reached skill level 8 in Conjurations
  5113 | D:4      | Reached XP level 7. HP: 32/36 MP: 9/15
  5163 | D:4      | Reached skill level 1 in Shields
  5281 | D:4      | Found a burning altar of Makhleb.
  5405 | D:4      | Learned a level 4 spell: Fulminant Prism
  5434 | D:4      | Reached skill level 5 in Spellcasting
  5816 | D:4      | Noticed Blork the orc
  5849 | D:4      | Killed Blork the orc
  6216 | D:5      | Entered Level 5 of the Dungeon
  6426 | D:5      | Reached skill level 9 in Conjurations
  6936 | D:5      | Reached XP level 8. HP: 29/41 MP: 10/17
  7739 | D:2      | Killed Grinder
  7740 | D:2      | Reached skill level 10 in Conjurations
  8006 | D:6      | Noticed a troll
  8013 | D:6      | Killed a troll
  8365 | D:6      | Found a staircase to the Ecumenical Temple.
  8371 | Temple   | Entered the Ecumenical Temple
  8552 | Temple   | Became a worshipper of Sif Muna the Loreminder
  8618 | D:6      | Reached XP level 9. HP: 45/45 MP: 12/20
  8685 | D:6      | Reached skill level 11 in Conjurations
  8832 | D:6      | Found an iron altar of Okawaru.
  8841 | D:6      | Found a shadowy altar of Dithmenos.
  8846 | D:6      | Found a bloodstained altar of Trog.
  8854 | D:6      | Found a radiant altar of Vehumet.
 10089 | D:8      | Reached * piety under Sif Muna
 10136 | D:8      | Reached skill level 12 in Conjurations
 10573 | D:7      | Slain by a wyvern

Illustrated notes

Levels and vault maps discovered:
D:1:      eino_arrival_water_cross, layout_basic,
          ebering_ecumenical_altar_petrified
D:2:      layout_rooms, grunt_ministairs_12, minmay_hedge_maze, minmay_cupped,
          uniq_crazy_yiuf_cottage, uniq_jessica
D:3:      layout_rooms, uniq_grinder, uniq_terence, uniq_robin
D:4:      layout_loops_ring, bloody_makhleb, uniq_blork_the_orc
D:5:      layout_loops_corners
D:6:      layout_gridville, grunt_temple_overflow_cloverleaf,
          minmay_temple_entry_enclosed_plants, chequers_serial_rivers_small_a
D:7:      layout_rooms
D:8:      layout_gridville, minmay_misc_feat_rows, grunt_ministairs_10,
          uniq_maurice
Temple:   minmay_crystal_spiral_temple

Skill      XL: |  1  2  3  4  5  6  7  8  9 |
---------------+----------------------------+-----
Conjurations   | 6 7 8 9 10 12 | 12.3
Spellcasting   | 3 4 5 6 8 |  8.3
Shields        | 3 4 |  4.0
Dodging        | |  2.1
Stealth        | |  2.0

Action                   |  1- 3 |  4- 6 |  7- 9 || total
-------------------------+-------+-------+-------++-------
Melee: Unarmed           |    11 |       |       ||    11
       Peck              |     2 |     2 |     6 ||    10
       Mace              |       |     8 |    29 ||    37
       Kick              |       |     1 |     7 ||     8
 Cast: Magic Dart        |    15 |       |       ||    15
       Searing Ray       |    22 |    44 |    82 ||   148
 Stab: Sleeping          |     2 |       |       ||     2
Armor: Robe              |    13 |    11 |    14 ||    38
Dodge: Dodged            |    26 |    43 |    80 ||   149
Block: Buckler           |       |       |    32 ||    32

Table legend: (Time is in decaauts)
 A = Elapsed time spent in this place.
 B = Non-inter-level travel time spent in this place.
 C = Inter-level travel time spent in this place.
 D = Time resting spent in this place.
 E = Time spent auto-exploring this place.
 F = Levels seen in this place.
 G = Mean time per level.
                   A        B        C        D        E       F      G
               +--------+--------+--------+--------+--------+-----+--------+
         Total |  10191 |   9768 |    423 |    983 |   6431 |   9 | 1132.3 |
       Dungeon |   9999 |   9651 |    348 |    983 |   6331 |   8 | 1249.9 |
        Temple |    191 |    116 |     75 |      0 |     99 |   1 |  191.0 |
               +--------+--------+--------+--------+--------+-----+--------+

Top non-repeatable levels by time:
     D:2: 2182 daAuts
     D:1: 1893 daAuts
     D:4: 1426 daAuts
     D:6: 1187 daAuts
     D:5: 1180 daAuts
     D:3: 880 daAuts
     D:8: 645 daAuts
     D:7: 603 daAuts
  Temple: 191 daAuts
